 Dungeon Crawl Stone Soup version 0.20.1-1-g8b1a95d (webtiles) character file.

3133 Andry07 the Basher (level 9, -1/62 HPs)
             Began as a Gargoyle Fighter on Oct 3, 2017.
             Was a Follower of Okawaru.
             Slain by a killer bee (10 damage)
             ... on level 8 of the Dungeon.
             The game lasted 00:21:22 (6612 turns).

Andry07 the Basher (Gargoyle Fighter)               Turns: 6612, Time: 00:21:22

Health: -1/62      AC: 18    Str: 27    XL:     9   Next: 92%
Magic:  9/9        EV:  8    Int: 10    God:    Okawaru [*.....]
Gold:   363        SH:  9    Dex:  9    Spells: 8/8 levels left

rFire    . . .     SeeInvis .   H - +0 morningstar
rCold    + . .     Gourm    .   c - +0 shield
rNeg     + . .     Faith    .   B - +3 ring mail {rC+}
rPois    ∞         Spirit   .   (no helmet)
rElec    +         Reflect  .   g - +0 cloak
rCorr    .         Harm     .   G - +1 pair of gloves
MR       .....     Rnd*Tele +   l - +0 pair of boots
Stlth    ..........             (no amulet)
Regen    0.2/turn               j - ring of teleportation (curse)
MPRegen  0.2/turn               (no ring)

@: mighty
A: negative energy resistance 1, electricity resistance, unbreathing,
petrification resistance, rot immunity, AC +5
a: Heroism, Renounce Religion


You were on level 8 of the Dungeon.
You worshipped Okawaru.
Okawaru was aware of your devotion.
You were not hungry.

You visited 2 branches of the dungeon, and saw 9 of its levels.

You collected 363 gold pieces.

Inventory:

Hand Weapons
 H - a +0 morningstar (weapon)
Missiles
 J - 2 javelins of returning (quivered)
Armour
 c - a +0 shield (worn)
 g - a +0 cloak (worn)
 l - a +0 pair of boots (worn)
 B - a +3 ring mail of cold resistance (worn)
 G - a +1 pair of gloves (worn)
Jewellery
 j - a cursed ring of teleportation (left hand)
Wands
 a - a wand of iceblast (6/15)
 n - a wand of scattershot (7/9)
 s - a wand of iceblast (5/15)
 C - a wand of paralysis (6/24)
Scrolls
 b - 2 scrolls of amnesia {unknown}
 k - 5 scrolls of enchant weapon
 p - 2 scrolls of immolation {unknown}
 q - a scroll of fog {unknown}
 u - 3 scrolls of remove curse
 v - 3 scrolls of blinking {unknown}
 x - 3 scrolls of fear {unknown}
 y - 3 scrolls of magic mapping
 D - a scroll of random uselessness {unknown}
 E - 2 scrolls of enchant armour {unknown}
 I - 3 scrolls of identify
Potions
 d - 2 potions of might
 e - a potion of invisibility
 i - 2 potions of mutation {unknown}
 o - 8 potions of lignification
 r - a potion of magic {unknown}
 t - a potion of ambrosia {unknown}
 w - a potion of degeneration {unknown}
 z - 2 potions of heal wounds {unknown}
 A - a potion of agility {unknown}
 L - a potion of flight {unknown}
 M - a potion of cancellation {unknown}
Comestibles
 f - 6 bread rations
 h - 3 meat rations
 F - 2 royal jellies
 K - 2 chunks of flesh


   Skills:
 - Level 10.0 Fighting
 + Level 10.5 Maces & Flails
 - Level 3.2 Armour
 - Level 3.2 Shields


You had 8 spell levels left.
You didn't know any spells.

Dungeon Overview and Level Annotations

Branches:
Dungeon (8/15)             Temple (1/1) D:6
   Lair: D:8-11

Altars:
Ashenzari
Cheibriados
Dithmenos
Elyvilon
Fedhas
Gozag
Hepliaklqana
Kikubaaqudgha
Makhleb
Nemelex Xobeh
Okawaru
Qazlal
Ru
Sif Muna
Trog
Uskayaw
Vehumet
Xom
Yredelemnul
Zin
The Shining One


Innate Abilities, Weirdness & Mutations

You are resistant to torment.
Your stone body is resilient. (AC +5)
You are immune to poison.
You resist negative energy. (rN+)
You are resistant to electric shocks. (rElec)
You can survive without breathing.
You are immune to petrification.
You are immune to rotting.


Message History

The killer bee closely misses you. The killer bee barely misses you.
You miss the killer bee. The killer bee stings you.
* * * LOW HITPOINT WARNING * * *
The killer bee barely misses you. You block the killer bee's attack.
The killer bee stings you but does no damage.
The killer bee barely misses you. The killer bee closely misses you.
You block the killer bee's attack.
The killer bee stings you but does no damage. x2
You feel better. You block the killer bee's attack.
The killer bee stings you but does no damage. x2
The killer bee barely misses you. x2; You block the killer bee's attack. x2
The killer bee stings you but does no damage. x2
The queen bee calls on the killer bee to defend it!
The killer bee goes berserk!
You thump the killer bee!
The killer bee is almost dead.
The killer bee barely misses you. You block the killer bee's attack.
The killer bee stings you but does no damage.
The killer bee barely misses you. The killer bee stings you!
You die...

#.# #..## #...#
... #..#. #y...#
#.#
#....####....!##
#.#
#...............
#.# ##...y##...#
#.#
#...yyh..#...#
#<#
##y.yy##../###
#######.#
####y#y###.##
........#
#...yy@y....#
#########
#.####y###.... #
#<# #.#.# #.#
.#.# #.. . ####


You could see a queen bee, a hound and 11 killer bees.

Vanquished Creatures
  Grinder (D:5)
  Prince Ribbit (D:8)
  A hornet (D:6)
  A hippogriff (D:7)
  2 orc warriors
  An ice beast (D:6)
  A sky beast (D:5)
  A phantom (D:6)
  A centaur (D:6)
  3 ogres
  2 bullfrogs (D:8)
  5 killer bees
  4 wights (D:7)
  2 crimson imps (D:7)
  A bullfrog zombie (D:6)
  2 centaur zombies (D:6)
  2 hounds
  2 jellies (D:7)
  5 orc priests
  A bullfrog skeleton (D:5)
  A centaur skeleton (D:7)
  4 orc wizards
  Terence (D:2)
  2 iguanas
  Ijyb (D:5)
  5 worker ants
  7 gnolls
  7 adders
  3 shadow imps
  An ooze (D:2)
  2 adder skeletons
  A worm (D:3)
  A dart slug (D:2)
  3 leopard geckos
  19 orcs
  2 giant cockroaches
  5 hobgoblins
  13 jackals
  7 quokkas
  7 bats
  2 frilled lizards
  4 goblins
  5 kobolds
  A leopard gecko skeleton (D:6)
  2 rats
145 creatures vanquished.

Vanquished Creatures (others)
  A plant (D:2)
1 creature vanquished.

Grand Total: 146 creatures vanquished

Notes
Turn   | Place    | Note
-------+----------+-------------------------------------------
     0 | D:1      | Andry07 the Gargoyle Fighter began the quest for the Orb.
     0 | D:1      | Reached XP level 1. HP: 14/14 MP: 1/1
    91 | D:1      | Reached XP level 2. HP: 16/20 MP: 2/2
   642 | D:2      | Reached XP level 3. HP: 24/24 MP: 3/3
  1032 | D:2      | Reached skill level 5 in Fighting
  1043 | D:2      | Noticed Terence
  1046 | D:2      | Killed Terence
  1046 | D:2      | Reached XP level 4. HP: 30/31 MP: 4/4
  1902 | D:3      | Reached XP level 5. HP: 36/36 MP: 5/5
  2205 | D:4      | Found a shimmering altar of Xom.
  2378 | D:4      | Got a smelly leather armour
  2389 | D:4      | Identified the cursed +0 leather armour of Plasticity {rF+ MR- Dex+4} (You found it on level 4 of the Dungeon)
  2579 | D:4      | Reached XP level 6. HP: 37/44 MP: 6/6
  2726 | D:5      | Entered Level 5 of the Dungeon
  2737 | D:5      | Noticed Ijyb
  2771 | D:5      | Killed Ijyb
  2931 | D:5      | Found a shimmering altar of Xom.
  2935 | D:5      | Reached XP level 7. HP: 44/50 MP: 7/7
  3095 | D:5      | Noticed Grinder
  3293 | D:5      | Paralysed by Grinder for 6 turns
  3306 | D:5      | Paralysed by Grinder for 2 turns
  3320 | D:5      | Killed Grinder
  3320 | D:5      | Reached skill level 10 in Fighting
  3519 | D:5      | Reached XP level 8. HP: 54/57 MP: 8/8
  3845 | D:6      | Found a staircase to the Ecumenical Temple.
  3922 | Temple   | Entered the Ecumenical Temple
  4271 | D:6      | Reached skill level 5 in Maces & Flails
  4686 | D:6      | Found a sparkling altar of Nemelex Xobeh.
  4904 | D:7      | Noticed a hippogriff
  4925 | D:7      | Noticed a hornet
  4950 | D:6      | Killed a hornet
  4950 | D:6      | Reached XP level 9. HP: 12/62 MP: 9/9
  5455 | D:7      | Found a shattered altar of Ashenzari.
  5457 | D:7      | Found a deep blue altar of Sif Muna.
  5457 | D:7      | Found an iron altar of Okawaru.
  5471 | D:7      | Found a sacrificial altar of Ru.
  5472 | D:7      | Found a burning altar of Makhleb.
  5475 | D:7      | Became a worshipper of Warmaster Okawaru
  6512 | D:8      | Noticed Prince Ribbit
  6519 | D:8      | Killed Prince Ribbit
  6519 | D:8      | Reached skill level 10 in Maces & Flails
  6547 | D:8      | Reached * piety under Okawaru
  6561 | D:8      | Found a bloodstained altar of Trog.
  6600 | D:8      | Noticed a queen bee
  6610 | D:8      | HP: 3/62 [killer bee (4)]
  6612 | D:8      | Slain by a killer bee

Skill      XL: |  1  2  3  4  5  6  7  8  9 |
---------------+----------------------------+-----
Fighting       | 4 5 6 7 8 10 | 10.0
Maces & Flails | 7 10 | 10.5
Armour         | |  3.2
Shields        | |  3.2

Action                   |  1- 3 |  4- 6 |  7- 9 || total
-------------------------+-------+-------+-------++-------
Melee: Flail             |    99 |   278 |   183 ||   560
       Morningstar       |       |       |   261 ||   261
  Use: Scroll            |       |     7 |       ||     7
       Potion            |       |       |     5 ||     5
  Eat: Chunk             |       |     8 |     8 ||    16
       Bread ration      |       |       |     1 ||     1
Armor: Scale mail        |    64 |   161 |       ||   225
       Leather armour    |       |     2 |       ||     2
       Ring mail         |       |    18 |   303 ||   321
Dodge: Dodged            |    39 |    90 |   184 ||   313
Block: Shield            |    58 |   151 |   244 ||   453
